 Dungeon Crawl Stone Soup version 0.30-a0-421-g7324886 (webtiles) character file.

Game seed: 7238838407724817392

1568 Dorkslayer the Slasher (level 8, 0/48 HPs)
             Began as a Gargoyle Fighter on Dec 7, 2022.
             Slain by a steam dragon (6 damage)
             ... on level 6 of the Dungeon on Dec 8, 2022.
             The game lasted 00:15:06 (4538 turns).

Dorkslayer the Slasher (Gargoyle Fighter)           Turns: 4538, Time: 00:15:07

Health: 0/48       AC: 18    Str: 20    XL:     8   Next: 90%
Magic:  8/8        EV:  6    Int:  9    God:
Gold:   260        SH: 10    Dex: 11    Spells: 7/7 levels left

rFire   . . .      SeeInvis .    a - +0 long sword
rCold   + . .      Faith    .    x - +1 kite shield
rNeg    + . .      Spirit   .    r - +0 chain mail
rPois   ∞          Reflect  .    g - +0 helmet
rElec   +          Harm     .    (no cloak)
rCorr   +          Rampage  .    (no gloves)
Will    .....                    j - +0 pair of boots
Stlth   ..........               (no amulet)
HPRegen 0.28/turn                l - ring of resist corrosion
MPRegen 0.11/turn                n - ring of protection from cold

@: no status effects
A: sickness immunity, AC +5, negative energy resistance 1, electricity
resistance, torment resistance 1, petrification resistance
a: no special abilities


You were on level 6 of the Dungeon.
You visited 1 branch of the dungeon, and saw 6 of its levels.

You collected 260 gold pieces.

Inventory:

Hand Weapons
 a - a +0 long sword (weapon)
Armour
 g - a +0 helmet (worn)
 j - a +0 pair of boots (worn)
 r - a +0 chain mail (worn)
 x - a +1 kite shield (worn)
Jewellery
 b - a ring of flight
 l - a ring of resist corrosion (left hand)
 n - a ring of protection from cold (right hand)
 t - a ring of positive energy
Wands
 i - a wand of paralysis (2)
Scrolls
 f - a scroll of teleportation
 h - a scroll of magic mapping
Potions
 c - a potion of heal wounds {unknown}
 d - a potion of degeneration {unknown}
 e - a potion of brilliance {unknown}
 k - a potion of flight {unknown}
 m - a potion of attraction {unknown}
 p - 4 potions of curing
 u - a potion of mutation {unknown}
 w - a potion of magic {unknown}


   Skills:
 + Level 4.9 Fighting
 + Level 6.0 Long Blades
 + Level 5.3 Armour
 + Level 2.2 Dodging
 + Level 4.2 Stealth
 + Level 4.9 Shields
 * Level 3.3 Evocations


You had 7 spell levels left.
You didn't know any spells.
Your spell library contained the following spells:

 Spells                   Type           Power      Damage    Failure   Level
 Apportation              Tloc           0%         N/A       100%        1
 Magic Dart               Conj           0%         1d3       100%        1
 Necrotise                Necr           0%         1d4       100%        1
 Summon Small Mammal      Summ           0%         N/A       100%        1
 Call Imp                 Summ           0%         N/A       100%        2
 Mephitic Cloud           Conj/Pois/Air  0%         N/A       100%        3


Dungeon Overview and Level Annotations

Branches:
Dungeon (6/15)
 Temple: D:4-7

Altars:
Ru


Innate Abilities, Weirdness & Mutations

You are immune to sickness and miasma.
Your stone body is resilient. (AC +5)
You are immune to poison.
You resist negative energy. (rN+)
You are resistant to electric shocks. (rElec)
You are resistant to unholy torment.
You are immune to petrification.


Message History

The steam dragon bites you but does no damage.
The steam dragon claws you but does no damage.
You hit the steam dragon.
The steam dragon is lightly wounded.
You block the steam dragon's attack. The steam dragon barely misses you.
You closely miss the steam dragon.
The steam dragon is lightly wounded.
The steam dragon bites you but does no damage.
The steam dragon claws you but does no damage.
You hit the steam dragon.
The steam dragon is moderately wounded.
The steam dragon bites you but does no damage.
You block the steam dragon's attack. The steam dragon breathes steam at you.
The ball of steam hits you!
You hit the steam dragon but do no damage.
The steam dragon is moderately wounded.
You are engulfed in a cloud of scalding steam.
The steam dragon bites you.
The steam dragon claws you but does no damage.
You hit the steam dragon but do no damage.
The steam dragon is moderately wounded.
You are engulfed in a cloud of scalding steam.
The steam dragon bites you but does no damage.
The steam dragon claws you.
You hit the steam dragon but do no damage.
The steam dragon is moderately wounded.
You are engulfed in a cloud of scalding steam.
The orc wizard mumbles some strange words.
The orc wizard flickers and vanishes!
Deactivating autopickup; reactivate with Ctrl-A.
The steam dragon bites you! The steam dragon barely misses you.
You barely miss the steam dragon.
The steam dragon is moderately wounded.
You are engulfed in a cloud of scalding steam.
The steam dragon breathes steam at you. The ball of steam hits you!!
* * * LOW HITPOINT WARNING * * *
The steam dragon bites you.
You die...

..# *,#...#.####.# #.... ..#
*,#...#.#..#.# #.... ..#
*,#...#.#....# ###.. ###
*,#...#.#.########..
*,#...#...<....)....
#.#...##############
#............,,,,,,,
##################)#*************
.............§§§@D{#
#####################
#...........#
#########.#########.#
†..........# #.# #########..# #.#
........#..# #.# #######.#..# #.#
...........# #.#


You could see a steam dragon (catching breath).

Vanquished Creatures
  Eustachio (D:5)
  3 water moccasins (D:6)
  An orc warrior (D:5)
  2 sky beasts
  A phantom (D:5)
  Blork the orc (D:5)
  2 necrophages
  A scorpion (D:5)
  A wight (D:5)
  5 hounds
  2 orc priests
  A jelly (D:5)
  An iguana (D:5)
  6 adders
  6 gnolls
  A shadow imp (D:5)
  2 dart slugs
  7 orcs
  16 endoplasms
  5 giant cockroaches
  8 hobgoblins
  2 jackals (D:3)
  7 kobolds
  A quokka (D:1)
  4 ball pythons
  9 bats
  6 frilled lizards
  3 goblins
  3 rats
108 creatures vanquished.

Notes
Turn   | Place    | Note
-------+----------+-------------------------------------------
     0 | D:1      | Dorkslayer the Gargoyle Fighter began the quest for the
                  | Orb.
     0 | D:1      | Reached XP level 1. HP: 14/14 MP: 1/1
    97 | D:1      | Reached XP level 2. HP: 19/19 MP: 2/2
   191 | D:1      | Reached skill level 2 in Long Blades
   448 | D:1      | Reached XP level 3. HP: 22/23 MP: 3/3
  1078 | D:2      | Reached XP level 4. HP: 15/28 MP: 4/4
  1079 | D:2      | Reached skill level 1 in Dodging
  1274 | D:2      | Found a faded altar of an unknown god.
  1275 | D:2      | Noticed a shining eye
  1276 | D:2      | Noticed a golden eye
  1279 | D:2      | Noticed a great orb of eyes
  1279 | D:2      | Noticed a golden eye
  1610 | D:2      | Reached skill level 3 in Long Blades
  1949 | D:3      | Noticed a necrophage
  1962 | D:3      | Killed a necrophage
  1963 | D:3      | Reached XP level 5. HP: 31/33 MP: 5/5
  2585 | D:4      | Reached XP level 6. HP: 4/38 MP: 6/6
  2745 | D:4      | Found a sacrificial altar of Ru.
  2767 | D:4      | Reached skill level 4 in Long Blades
  3055 | D:5      | Entered Level 5 of the Dungeon
  3055 | D:5      | Noticed a sky beast
  3078 | D:4      | Killed a sky beast
  3151 | D:5      | Reached XP level 7. HP: 38/43 MP: 7/7
  3267 | D:5      | Reached skill level 1 in Evocations
  3310 | D:5      | Upgraded the game from 0.30-a0-415-g685d318 to
                  | 0.30-a0-421-g7324886
  3317 | D:5      | Reached skill level 5 in Long Blades
  3439 | D:5      | Noticed Blork the orc
  3461 | D:5      | Killed Blork the orc
  3477 | D:5      | Reached XP level 8. HP: 32/48 MP: 8/8
  3494 | D:5      | Noticed Eustachio
  3512 | D:5      | Killed Eustachio
  3761 | D:6      | Reached skill level 5 in Armour
  4477 | D:6      | Reached skill level 6 in Long Blades
  4538 | D:6      | Slain by a steam dragon

Illustrated notes

Levels and vault maps discovered:
D:1:      pf_arrival_petrified_forest, layout_basic
D:2:      layout_basic, hellmonk_ecumenical_altar_watching_god,
          minmay_tetromino_i2
D:3:      layout_rooms, minmay_fountain_box
D:4:      layout_gridville, mainiacjoe_overflow_tiny_flanked, grunt_decor_cap
D:5:      layout_cave_pools, sword_in_stone
D:6:      layout_basic

Skill      XL: |  1  2  3  4  5  6  7  8 |
---------------+-------------------------+-----
Long Blades    | 2 3 4 5 6 |  6.0
Dodging        | 1 2 |  2.2
Armour         | 4 5 |  5.3
Shields        | 4 |  4.9
Fighting       | 4 |  4.9
Evocations     | 2 3 |  3.3
Stealth        | 2 4 |  4.2

Action                   |  1- 3 |  4- 6 |  7- 9 || total
-------------------------+-------+-------+-------++-------
Melee: Long sword        |   116 |   165 |   271 ||   552
Evoke: Wand              |       |       |    10 ||    10
  Use: Potion            |     1 |       |     2 ||     3
       Scroll            |       |     4 |     6 ||    10
 Stab: Paralysed         |       |       |    41 ||    41
Armor: Scale mail        |    61 |    58 |       ||   119
       Chain mail        |       |    49 |   161 ||   210
Dodge: Dodged            |    45 |    54 |    54 ||   153
Block: Buckler           |    44 |    33 |    13 ||    90
       Kite shield       |       |       |    94 ||    94

Table legend: (Time is in decaauts)
 A = Elapsed time spent in this place.
 B = Non-inter-level travel time spent in this place.
 C = Inter-level travel time spent in this place.
 D = Time resting spent in this place.
 E = Time spent auto-exploring this place.
 F = Levels seen in this place.
 G = Mean time per level.
                   A        B        C        D        E       F      G
               +--------+--------+--------+--------+--------+-----+--------+
         Total |   4651 |   4628 |     23 |    180 |   2572 |   6 |  775.2 |
       Dungeon |   4651 |   4628 |     23 |    180 |   2572 |   6 |  775.2 |
               +--------+--------+--------+--------+--------+-----+--------+

Top non-repeatable levels by time:
     D:2: 1000 daAuts
     D:1: 877 daAuts
     D:6: 757 daAuts
     D:5: 734 daAuts
     D:4: 729 daAuts
     D:3: 551 daAuts
